 Dungeon Crawl Stone Soup version 0.31-a0-845-g9abc20d24f (webtiles) character file.

Game seed: 6845479061378577810

37 Newt the Trooper (level 3, 0/30 HPs)
             Began as a Demonspawn Gladiator on Oct 2, 2023.
             Slain by an adder (3 damage)
             ... on level 2 of the Dungeon.
             The game lasted 00:01:04 (971 turns).

Newt the Trooper (Demonspawn Gladiator)              Turns: 971, Time: 00:01:04

Health: 0/30       AC:  3    Str: 15 (16) XL:     3   Next: 23%
Magic:  3/3        EV: 12    Int:  8 (9)  God:
Gold:   53         SH:  0    Dex: 13 (14) Spells: 2/2 levels left

rFire   . . .        a - +0 rapier
rCold   . . .        (no shield)
rNeg    . . .        b - +0 leather armour
rPois   .            (helmet restricted)
rElec   .            (no cloak)
rCorr   .            (no gloves)
SInv    .            (no boots)
Will    .....        h - amulet of the acrobat
Stlth   +            (no ring)
HPRegen 0.25/turn    (no ring)
MPRegen 0.08/turn

%: acrobat
@: lethally poisoned (0 -> -1)
A: antennae 1
a: no special abilities


You were on level 2 of the Dungeon.
You visited 1 branch of the dungeon, and saw 2 of its levels.

You collected 53 gold pieces.

Inventory:

Hand Weapons
 a - a +0 rapier (weapon)
Missiles
 d - 3 throwing nets (quivered)
 e - a javelin
Armour
 b - a +0 leather armour (worn)
 c - a +0 helmet
Jewellery
 h - an amulet of the acrobat (around neck)
Scrolls
 f - a scroll of teleportation
 g - 2 scrolls of identify
 i - a scroll of poison {unknown}


   Skills:
 + Level 3.7 Fighting
 - Level 2.6 Short Blades
 - Level 1.7 Throwing
 - Level 2.6 Dodging


You had 2 spell levels left.
You didn't know any spells.
Your spell library was empty.

Dungeon Overview and Level Annotations

Branches:
Dungeon (2/15)

Altars:

Shops:
D:1 [


Innate Abilities, Weirdness & Mutations

You have a pair of small antennae on your head.


Message History

The adder closely misses you. The adder bites you.
You are poisoned.
The adder poisons you! The goblin hits you with a +0 dagger.
The adder bites you.
You are more poisoned.
The adder poisons you!
You feel sick. The adder completely misses you.
The goblin hits you with a +0 dagger.
You hit the adder.
The adder is moderately wounded.
You feel sick. The adder misses you. The adder barely misses you.
The goblin misses you. The adder bites you.
You are more poisoned.
The adder poisons you! The adder bites you.
You feel very sick. The goblin attacks as it pursues you!
The goblin closely misses you.
You are too injured to fight recklessly!
You feel sick.
You are too injured to fight recklessly!
You feel sick. The goblin attacks as it pursues you!
The goblin completely misses you.
You are too injured to fight recklessly!
You barely miss the goblin.
You feel sick. The goblin hits you with a +0 dagger.
* * * LOW HITPOINT WARNING * * *
You hit the goblin.
The goblin is moderately wounded.
You feel sick. The goblin barely misses you.
It was a potion of degeneration.
There was something very wrong with that liquid.
You feel weakened.
You feel dopey.
You feel clumsy.
You feel sick. The goblin hits you but does no damage.
Unknown command.
You hit the goblin.
You kill the goblin!
You feel sick. The adder barely misses you.
You hit the adder.
The adder is almost dead.
You feel sick. The adder bites you.
You die...

#.##.#......#.## ...##
##....# #.##........#.#
#...## ..###
#.##...#......###..###
... ........#.#..........
###.
.....................
#...................
#.##..........#...###...
..##....................
.)..........##.#@# .
.........##....#S#### .?.
..###...........S...#....
#.. #..........##.#......
##. ###......#...........
###....####.##.....
##.... #.# .... #.#.. #..
... #.#.. ..# ..


You could see 2 adders.

Vanquished Creatures
  2 dart slugs (D:1)
  3 bats (D:1)
  2 endoplasms (D:1)
  A giant cockroach (D:1)
  3 goblins
  4 hobgoblins (D:1)
  2 quokkas
  3 ball pythons (D:1)
  4 frilled lizards
  7 rats
31 creatures vanquished.

Notes
Turn   | Place    | Note
-------+----------+-------------------------------------------
     0 | D:1      | Newt the Demonspawn Gladiator began the quest for the Orb.
     0 | D:1      | Reached XP level 1. HP: 16/16 MP: 1/1
   149 | D:1      | Gained mutation: You have a pair of small antennae on your
                  | head. [demonic ancestry]
   149 | D:1      | Reached XP level 2. HP: 18/23 MP: 2/2
   339 | D:1      | Reached skill level 3 in Fighting
   513 | D:1      | Found Lotaaloq's Antique Armour Emporium.
   634 | D:1      | Reached XP level 3. HP: 29/29 MP: 3/3
   971 | D:2      | Slain by an adder

Illustrated notes

Levels and vault maps discovered:
D:1:      wheals_arrival_shading, layout_basic, serial_shops,
          nicolae_shop_crystal
D:2:      layout_rooms, shapermc_ecumenical_altar_mp_highgroup

Skill      XL: |  1  2 |
---------------+-------+-----
Fighting       | 3 |  3.7
Short Blades   | |  2.6
Throwing       | |  1.7
Dodging        | |  2.6

Action                     || total
---------------------------++-------
  Melee: Rapier            ||   111
         Punch             ||     1
    Use: Scroll            ||     2
         Potion            ||     1
   Stab: Sleeping          ||     3
 Armour: Leather armour    ||    66
  Dodge: Dodged            ||    90

Table legend: (Time is in decaauts)
 A = Elapsed time spent in this place.
 B = Non-inter-level travel time spent in this place.
 C = Inter-level travel time spent in this place.
 D = Time resting spent in this place.
 E = Time spent auto-exploring this place.
 F = Levels seen in this place.
 G = Mean time per level.
                   A        B        C        D        E       F      G
               +--------+--------+--------+--------+--------+-----+--------+
         Total |    978 |    930 |     48 |    148 |    549 |   2 |  489.0 |
       Dungeon |    978 |    930 |     48 |    148 |    549 |   2 |  489.0 |
               +--------+--------+--------+--------+--------+-----+--------+

Top non-repeatable levels by time:
     D:1: 866 daAuts
     D:2: 112 daAuts
